Map: [ESL] Data-C

Players

Reynor - Winner!

  • Race: Zerg Zerg
  • Spawn Location: 3:00

YoungYakov

  • Race: Zerg Zerg
  • Spawn Location: 9:00

Event: DreamHack SC2 Masters 2022 Atlanta (Online)

VOD

Have the link to the VOD?

Description

Time

  • Played on: Oct. 8, 2022, 1:24 p.m.
  • Length: 3:16

All games in this series

Show
View Real Time Build Order
Export as new Build Order

Reynor Zerg - Winner!

Build Orders: Pool First 

Get SALT Encoding   

  12  0:00  Drone  
  13  0:11  Overlord  
  13  0:16  Drone  
  14  0:30  Drone x2  
  16  0:36  Drone  
  17  0:43  Extractor  
  17  0:44  Drone  
  17  0:51  Spawning Pool  
  17  0:55  Drone  
  17  1:06  Drone  
  18  1:24  Hatchery  
  18  1:25  Drone  
  18  1:37  Zergling x2  
  18  1:38  Queen  
  21  1:44  Metabolic Boost  
  21  1:51  Overlord  
  21  1:56  Zergling x2  
  22  2:06  Zergling x2, Spine Crawler  
  22  2:13  Baneling Nest  
  21  2:16  Zergling x2  
  21  2:21  Zergling x2  
  23  2:32  Evolution Chamber  
  22  2:37  Zergling x4  
  22  2:42  Drone  
  23  2:48  Drone x2  
  25  2:52  Zergling x2  
  26  3:02  Baneling x2  
Show
View Real Time Build Order
Export as new Build Order

YoungYakov Zerg 

Build Orders: 1 Base Baneling Bust, Pool Only 

Get SALT Encoding   

  12  0:01  Extractor  
  11  0:21  Spawning Pool  
  11  0:26  Drone  
  11  0:34  Drone  
  12  0:46  Overlord  
  12  1:07  Metabolic Boost  
  12  1:09  Zergling x2  
  12  1:10  Zergling x2  
  14  1:22  Baneling Nest  
  13  1:29  Zergling x2  
  13  1:32  Zergling x2  
  15  1:39  Zergling x2  
  16  1:45  Zergling x2  
  17  1:52  Zergling x2  
  18  2:05  Zergling x2  
  18  2:06  Baneling x3  
  19  2:10  Baneling  
  19  2:13  Zergling x2  
  20  2:31  Zergling x2  
  21  2:40  Zergling x2  
  19  2:46  Zergling x2  
  19  2:48  Baneling  
  19  2:51  Baneling  
  21  2:58  Baneling  
Tags
 
Add a new tag
Caveats
  • Supply blocks, unpowered buildings, or Contaminate may cause inaccurate times.
  • Supply counts are checked every 10 seconds.